Map: Blackpink LE

Players

Guru

  • Race: Zerg Zerg
  • League: Grandmaster
  • Spawn Location: 7:00

Scarlett - Winner!

  • Race: Zerg Zerg
  • League: Diamond
  • Spawn Location: 1:00

Event: HomeStory Cup XVI

VOD

Have the link to the VOD?

Description

Time

  • Played on: Nov. 11, 2017, 2:07 p.m.
  • Length: 20:17

All games in this series

Show
View Real Time Build Order
Export as new Build Order

Guru Zerg 

Build Orders: Hatch First 

Get SALT Encoding   

  12  0:00  Drone  
  13  0:12  Overlord  
  13  0:16  Drone  
  14  0:30  Drone x2  
  14  0:34  Drone  
  17  0:52  Hatchery  
  17  0:54  Drone  
  17  1:08  Spawning Pool  
  17  1:10  Extractor  
  15  1:12  Drone  
  15  1:15  Drone  
  17  1:19  Drone  
  18  1:28  Drone  
  19  1:44  Overlord  
  19  1:55  Queen  
  19  1:56  Zergling x2  
  22  2:03  Queen  
  22  2:05  Drone x2  
  26  2:10  Metabolic Boost  
  26  2:14  Drone  
  26  2:15  Drone  
  28  2:32  Hatchery  
  28  2:33  Drone  
  28  2:35  Drone  
  29  2:37  Drone  
  30  2:45  Overlord  
  30  2:46  Zergling x2  
  30  2:48  Zergling x2  
  32  2:55  Zergling x2  
  32  2:57  Queen  
  35  3:04  Zergling x6  
  38  3:06  Zergling x2  
  38  3:09  Zergling x2  
  38  3:12  Zergling x4  
  42  3:20  Baneling Nest  
  42  3:26  Zergling x6  
  43  3:30  Zergling x4  
  44  3:41  Overlord  
  44  3:42  Overlord  
  44  3:45  Drone  
  44  3:46  Drone x2  
  44  3:48  Drone  
  45  3:50  Drone  
  45  3:52  Drone  
  45  3:53  Drone  
  47  4:00  Drone x2  
  47  4:01  Drone  
  50  4:06  Baneling  
  50  4:14  Drone  
  50  4:15  Drone  
  52  4:18  Drone x5  
  52  4:23  Baneling x2  
  56  4:27  Roach Warren  
  54  4:36  Extractor x2  
  54  4:37  Drone x3  
  54  4:38  Drone x3  
  58  4:43  Baneling, Drone  
  58  4:44  Drone  
  60  4:51  Overlord  
  59  4:57  Zergling x2  
  57  5:00  Zergling x8  
  57  5:01  Zergling x8  
  65  5:10  Lair  
  65  5:12  Drone  
  65  5:13  Drone x2  
  65  5:14  Evolution Chamber, Drone  
  68  5:17  Overlord  
  68  5:19  Overlord  
  68  5:23  Drone  
  68  5:25  Baneling x2  
  69  5:31  Drone  
  69  5:32  Drone  
  69  5:33  Drone  
  68  5:36  Baneling  
  68  5:38  Drone x3  
  67  5:46  Zergling x2  
  67  5:48  Zergling x4  
  67  5:49  Drone  
  70  5:50  Drone x5  
  70  5:56  Roach  
  75  6:00  Roach  
  75  6:01  Zerg Missile Weapons Level 1, Overlord  
  75  6:05  Extractor  
  75  6:06  Extractor  
  75  6:07  Roach x3  
  75  6:09  Glial Reconstitution  
  81  6:11  Roach  
  81  6:14  Roach x3  
  81  6:15  Roach  
  81  6:16  Overlord  
  81  6:17  Hatchery  
  88  6:19  Ravager  
  88  6:20  Overlord  
  88  6:21  Roach  
  88  6:22  Drone  
  93  6:26  Roach  
  93  6:28  Overlord  
  93  6:30  Roach  
  97  6:34  Unknown  
  97  6:36  Roach x3  
  97  6:38  Roach  
  105  6:41  Roach  
  105  6:42  Roach  
  105  6:44  Roach  
  105  6:47  Roach  
  113  6:48  Roach  
  113  6:52  Roach  
  119  6:54  Roach  
  119  6:56  Roach, Overlord  
  121  7:02  Extractor, Drone  
  121  7:03  Overlord, Drone  
  121  7:05  Overlord  
  121  7:06  Overlord  
  122  7:09  Overlord  
  122  7:16  Drone  
  122  7:17  Drone x2  
  122  7:18  Drone x3  
  122  7:19  Overlord  
  128  7:25  Roach  
  128  7:26  Overseer  
  128  7:28  Roach x2  
  134  7:30  Evolution Chamber, Drone  
  134  7:31  Drone  
  134  7:33  Roach  
  134  7:34  Drone x2  
  134  7:36  Roach x4  
  147  7:37  Ravager x2  
  147  7:39  Roach x2  
  147  7:41  Roach x2  
  147  7:43  Roach  
  159  7:48  Roach  
  158  7:53  Drone  
  158  7:57  Roach x2  
  163  8:00  Roach  
  163  8:02  Roach x2  
  163  8:04  Roach x6, Hatchery  
  156  8:14  Roach x4  
  156  8:18  Roach x3  
  164  8:25  Roach x3  
  164  8:26  Roach  
  162  8:33  Extractor  
  161  8:35  Zerg Missile Weapons Level 2  
  161  8:36  Drone  
  161  8:37  Drone  
  161  8:38  Extractor, Drone x2  
  161  8:39  Drone x2  
  161  8:40  Roach  
  168  8:46  Overlord  
  168  8:47  Overlord  
  168  8:49  Overlord  
  168  8:56  Zerg Ground Armor Level 1  
  168  8:58  Unknown x2  
  168  9:05  Roach x6  
  168  9:06  Roach x2  
  168  9:07  Overlord  
  184  9:11  Roach x2  
  184  9:12  Roach x2  
  184  9:16  Roach  
  194  9:19  Roach x2  
  198  9:28  Roach  
  200  9:40  Hydralisk Den  
  200  9:41  Roach  
  199  9:49  Roach x3  
  199  9:50  Roach  
  197  9:53  Roach x2  
  197  9:56  Unknown  
  197  9:57  Roach x3  
  197  9:58  Roach  
  197  9:59  Roach x6  
  185  10:01  Roach  
  185  10:02  Roach x2  
  185  10:03  Roach x3  
  185  10:06  Roach x2  
  193  10:08  Ravager  
  193  10:09  Ravager  
  193  10:12  Muscular Augments, Hydralisk x2  
  199  10:17  Overseer  
  199  10:38  Hydralisk x4  
  199  10:42  Hydralisk  
  199  10:54  Hydralisk x2  
  199  10:55  Hydralisk  
  199  10:59  Drone  
  199  11:02  Unknown  
  198  11:04  Zerg Ground Armor Level 2, Unknown x2  
  198  11:06  Infestation Pit  
  198  11:07  Spore Crawler  
  198  11:08  Spire  
  198  11:10  Hydralisk x2  
  198  11:11  Hydralisk  
  199  11:23  Hydralisk  
  199  11:25  Hydralisk  
  198  11:27  Hydralisk  
  198  11:30  Unknown x3, Hydralisk x2  
  198  11:31  Hydralisk x2  
  198  11:32  Hydralisk  
  197  11:38  Roach  
  197  11:39  Roach x4  
  178  11:41  Roach  
  178  11:42  Roach  
  178  11:44  Roach  
  170  11:47  Roach  
  170  11:50  Drone  
  170  11:51  Extractor, Drone x3  
  170  11:52  Roach  
  170  11:53  Roach x4  
  185  11:56  Overlord  
  185  11:57  Roach  
  185  12:00  Roach  
  185  12:01  Roach  
  180  12:02  Unknown  
  180  12:03  Drone  
  180  12:05  Drone x3  
  180  12:06  Drone x3  
  180  12:08  Drone x4  
  184  12:10  Drone x3  
  184  12:14  Overlord, Hive  
  188  12:19  Overlord  
  188  12:20  Drone x2  
  190  12:23  Pneumatized Carapace  
  190  12:24  Burrow  
  190  12:25  Roach x2  
  190  12:26  Roach x2  
  198  12:32  Unknown  
  198  12:58  Unknown  
  196  13:12  Spine Crawler  
  195  13:13  Spine Crawler  
  195  13:14  Spine Crawler  
  195  13:15  Spine Crawler  
  195  13:16  Spine Crawler x2  
  176  13:21  Roach, Hydralisk x8  
  176  13:22  Hydralisk x4  
  176  13:25  Overlord  
  198  13:28  Greater Spire  
  198  13:31  Spine Crawler  
  198  13:32  Spine Crawler  
  198  13:33  Zerg Missile Weapons Level 3  
  190  13:34  Spine Crawler  
  190  13:35  Spine Crawler, Hydralisk x2  
  190  13:39  Zerg Ground Armor Level 3  
  190  13:41  Overlord  
  192  13:43  Hydralisk x3  
  192  13:44  Hydralisk  
  176  13:50  Roach x5  
  176  13:51  Roach  
  176  13:52  Roach  
  176  13:54  Roach  
  154  13:56  Roach  
  154  13:57  Roach, Drone x4  
  154  13:59  Roach x2  
  154  14:01  Roach x2  
  164  14:03  Roach  
  164  14:04  Roach  
  168  14:15  Overseer  
  168  14:20  Viper  
  168  14:24  Roach x4  
  177  14:36  Viper  
  178  14:38  Roach  
  178  14:39  Roach x5  
  178  14:40  Roach  
  178  14:44  Roach x2  
  186  14:47  Roach  
  186  14:50  Roach x2  
  186  14:55  Roach x4  
  194  15:00  Roach  
  194  15:01  Roach  
  194  15:14  Hydralisk x2  
  194  15:19  Hydralisk x3  
  194  15:20  Overseer x2  
  194  15:21  Overlord  
  192  15:23  Hydralisk x4  
  192  15:28  Roach x3  
  193  15:30  Roach x2  
  193  15:32  Roach  
  193  15:33  Roach  
  198  15:36  Roach  
  198  15:39  Roach x2  
  198  15:42  Roach  
  194  15:44  Roach  
  194  15:47  Roach  
  176  15:59  Drone  
  176  16:00  Drone x3  
  166  16:11  Hatchery  
  165  16:14  Roach x3  
  165  16:15  Roach x2  
  175  16:19  Hydralisk Den  
  162  16:34  Viper  
  162  16:36  Corruptor x2  
  162  16:37  Corruptor x2  
  173  16:50  Drone  
  174  16:58  Hydralisk x3  
  174  16:59  Hydralisk x3  
  174  17:01  Drone  
  191  17:16  Brood Lord x3  
  191  17:20  Brood Lord  
  195  17:24  Zerg Flyer Weapons Level 1  
  195  17:32  Corruptor x2  
  193  18:15  Hydralisk x3  
  183  18:25  Hydralisk x2  
  154  18:28  Hydralisk x6  
  154  18:30  Roach x4  
  154  18:31  Roach x7  
  154  18:32  Roach x4  
  150  18:36  Roach x2  
  150  18:39  Roach x2  
  140  18:43  Roach  
  140  18:44  Drone  
  140  18:45  Drone  
  136  18:49  Hydralisk  
  136  18:53  Hydralisk x2  
  138  18:57  Overseer  
  138  19:05  Overseer  
  138  19:09  Extractor  
  115  19:27  Roach x2  
  115  19:28  Roach x10  
  115  19:31  Unknown x2  
  121  19:33  Roach  
  121  19:35  Roach x2  
  121  19:36  Roach  
  121  19:38  Roach  
  111  19:40  Roach  
  111  19:44  Roach  
  113  19:46  Roach x2  
  113  19:48  Roach  
Show
View Real Time Build Order
Export as new Build Order

Scarlett Zerg - Winner!

Build Orders: Hatch First, Lurkers, Zergling Baneling 

Get SALT Encoding   

  12  0:00  Drone  
  13  0:12  Overlord  
  13  0:17  Drone  
  14  0:31  Drone x2  
  14  0:34  Drone  
  17  0:50  Hatchery  
  17  0:54  Drone  
  18  0:57  Drone  
  18  1:04  Extractor  
  17  1:12  Spawning Pool  
  17  1:15  Drone  
  18  1:18  Drone  
  18  1:30  Drone  
  19  1:40  Overlord  
  19  1:52  Drone  
  20  1:58  Queen  
  20  2:00  Drone  
  23  2:02  Queen  
  23  2:04  Metabolic Boost  
  23  2:07  Drone  
  26  2:11  Zergling x2  
  27  2:16  Zergling x2  
  28  2:23  Drone  
  28  2:24  Drone  
  30  2:36  Hatchery  
  29  2:44  Baneling Nest, Drone  
  30  2:46  Zergling x2  
  30  2:51  Overlord  
  30  2:52  Zergling x2  
  30  2:55  Drone  
  32  3:03  Queen  
  34  3:06  Drone  
  34  3:11  Drone  
  36  3:17  Drone x3  
  39  3:28  Zergling x2  
  39  3:29  Zergling x8  
  39  3:31  Baneling x2  
  43  3:35  Overlord  
  43  3:41  Baneling x2  
  43  3:47  Queen  
  44  3:50  Baneling x2  
  44  3:56  Baneling  
  44  3:59  Baneling  
  44  4:02  Drone x6  
  49  4:12  Zergling x6  
  49  4:13  Drone  
  49  4:14  Drone x3  
  53  4:30  Drone x5  
  56  4:39  Extractor x2, Roach Warren  
  56  4:41  Drone  
  56  4:42  Drone x3  
  56  4:44  Overlord  
  56  4:59  Drone  
  58  5:00  Drone x2  
  56  5:10  Drone  
  56  5:11  Lair, Drone x9  
  66  5:14  Extractor  
  66  5:15  Overlord x2  
  66  5:19  Overlord  
  65  5:25  Drone  
  66  5:31  Overlord  
  66  5:33  Overlord  
  65  5:36  Roach  
  65  5:37  Roach  
  65  5:42  Queen  
  68  5:43  Roach  
  68  5:44  Roach x5  
  68  5:48  Roach  
  68  5:49  Roach  
  74  5:59  Drone  
  74  6:00  Drone x4  
  78  6:07  Drone  
  78  6:08  Roach  
  78  6:09  Roach  
  83  6:11  Drone x2  
  83  6:13  Glial Reconstitution  
  85  6:19  Evolution Chamber, Overseer  
  85  6:22  Drone x2  
  85  6:23  Drone  
  87  6:35  Overlord, Drone x2  
  87  6:36  Drone  
  90  6:40  Roach  
  90  6:41  Roach x4  
  90  6:44  Drone x2  
  90  6:45  Drone x2  
  90  6:46  Zerg Missile Weapons Level 1  
  104  6:51  Extractor  
  104  6:52  Extractor, Drone x2  
  104  6:53  Drone  
  105  7:01  Overlord  
  105  7:02  Drone x2  
  105  7:04  Ravager  
  105  7:05  Ravager x3  
  105  7:06  Roach, Overseer  
  113  7:15  Overlord x3  
  113  7:16  Overlord  
  113  7:20  Hatchery  
  112  7:25  Overlord  
  112  7:26  Roach  
  112  7:27  Roach x2  
  118  7:30  Roach  
  118  7:31  Roach  
  118  7:34  Roach  
  118  7:35  Roach x2  
  118  7:36  Ravager x3  
  118  7:37  Ravager  
  132  7:39  Roach  
  132  7:43  Roach x2  
  138  7:49  Roach x3  
  138  7:50  Roach x2  
  148  7:54  Roach  
  148  7:55  Roach x2  
  140  8:06  Roach x7  
  140  8:13  Roach  
  140  8:14  Roach x3  
  134  8:25  Roach x3  
  133  8:27  Unknown  
  133  8:28  Roach x2  
  133  8:32  Evolution Chamber  
  136  8:34  Roach  
  136  8:35  Roach  
  136  8:37  Roach  
  142  8:41  Roach  
  142  8:44  Zerg Missile Weapons Level 2  
  142  8:45  Roach  
  142  8:46  Roach  
  148  8:49  Roach  
  148  8:50  Roach  
  148  8:54  Drone  
  148  8:55  Hydralisk Den  
  152  8:58  Zerg Ground Armor Level 1  
  152  8:59  Roach x6  
  164  9:07  Overlord x3  
  164  9:09  Overlord  
  164  9:14  Roach  
  166  9:21  Overseer  
  163  9:24  Roach  
  163  9:25  Roach x4  
  163  9:29  Roach  
  163  9:30  Roach x4  
  183  9:51  Roach x10  
  190  9:55  Roach x5  
  190  9:59  Roach  
  176  10:04  Ravager  
  176  10:06  Muscular Augments  
  177  10:09  Overseer  
  177  10:11  Pneumatized Carapace  
  177  10:12  Hydralisk x2  
  181  10:19  Roach x4  
  189  10:22  Spine Crawler  
  189  10:23  Spine Crawler  
  187  10:32  Hydralisk x4  
  195  10:40  Roach  
  195  10:41  Roach x5  
  190  10:47  Roach x3  
  196  10:56  Roach x4  
  200  11:02  Lurker Den  
  197  11:14  Zerg Ground Armor Level 2  
  197  11:22  Overlord  
  197  11:23  Overlord x3  
  193  11:37  Hydralisk x7  
  179  11:43  Ravager  
  178  11:49  Extractor, Queen  
  178  11:50  Extractor  
  178  11:53  Drone x3  
  178  11:54  Unknown x5, Drone x3  
  184  11:55  Unknown  
  184  11:56  Spine Crawler  
  183  12:07  Hydralisk x6  
  179  12:23  Roach  
  179  12:24  Roach x8  
  179  12:29  Lurker x3  
  200  12:48  Spine Crawler  
  200  12:49  Spine Crawler  
  198  12:57  Infestation Pit  
  197  12:59  Spine Crawler  
  197  13:00  Spine Crawler  
  197  13:02  Spine Crawler  
  182  13:36  Queen  
  182  13:43  Hydralisk x5  
  182  13:47  Hive  
  182  13:48  Pathogen Glands  
  160  13:51  Hydralisk  
  160  13:52  Hydralisk x14  
  162  13:56  Roach x7  
  176  14:05  Lurker x5  
  174  14:10  Overlord x2  
  174  14:13  Lurker x3  
  174  14:14  Lurker x2  
  174  14:16  Overseer  
  175  14:28  Roach x4  
  178  14:43  Ravager x2  
  170  14:46  Unknown  
  170  14:49  Overlord x2  
  165  14:53  Hydralisk x7  
  165  14:58  Lurker  
  180  15:19  Hatchery  
  168  15:26  Roach x9  
  176  15:29  Roach  
  174  15:36  Roach x4  
  174  15:42  Roach x2  
  131  16:03  Lurker x2  
  131  16:04  Lurker, Viper x2  
  120  16:06  Infestor x2  
  120  16:09  Roach x4  
  134  16:21  Roach x5  
  137  16:42  Hydralisk x7  
  137  16:45  Unknown  
  151  17:03  Zerg Missile Weapons Level 3  
  151  17:08  Burrow  
  151  17:11  Hydralisk x2  
  151  17:12  Hydralisk x3  
  161  17:18  Lurker x2  
  161  17:21  Overseer  
  163  17:28  Lurker  
  164  17:31  Drone x7  
  164  17:32  Drone  
  164  17:34  Extractor, Drone  
  164  17:36  Extractor  
  171  17:46  Roach x5  
  181  17:56  Lurker x2  
  181  17:57  Lurker  
  184  18:15  Hydralisk x8  
  200  18:26  Unknown x2  
  166  18:28  Hydralisk x2  
  166  18:29  Hydralisk x4  
  150  18:37  Hydralisk x4  
  152  18:46  Infestor x3  
  156  18:52  Spire  
  155  19:13  Unknown  
  152  19:19  Roach x9  
  148  19:29  Roach  
  148  19:30  Roach x5  
  136  19:40  Roach x4, Hydralisk  
  146  19:46  Roach x5  
  146  19:48  Lurker x2  
  160  19:53  Roach x3  
Tags
 
Add a new tag
Caveats
  • Supply blocks, unpowered buildings, or Contaminate may cause inaccurate times.
  • Supply counts are checked every 10 seconds.